 Dungeon Crawl Stone Soup version 0.14-a0-3109-ga7442b6 (webtiles) character file.

339808 Greenblue the Sensei (level 21, 0/127 HPs)
             Began as a Vine Stalker Monk on Mar 4, 2014.
             Was the Champion of Okawaru.
             Killed by the air
             ... invoked by a spectral titan
             ... summoned by a deep elf death mage
              (25 damage)
             ... on Level 5 of the Vaults on Mar 7, 2014.
             The game lasted 03:29:25 (41470 turns).

Greenblue the Sensei (Vine Stalker Monk)           Turns: 41470, Time: 03:29:25

HP   0/127       AC 14     Str 19 (21) XL: 21   Next: 92%
MP   0/38        EV 32     Int  9 (11) God: Okawaru [******]
Gold 2112        SH  0     Dex 27      Spells:  9 memorised, 18 levels left

rFire  + + .     SeeInvis +       - Unarmed
rCold  + + .     Clarity  +     O - +3 salamander hide armour {+Rage rF++}
rNeg   . . .     Conserve +     (no shield)
rPois  +         rCorr    .     z - +2 hat of Plapoawa {Dex+2}
rElec  +         rRot     +     J - +0 cloak of Impermeability {rC+ Dam+4}
SustAb . .       Spirit   +     h - +1 pair of gloves "Phuexa" {rElec rC+ Str+1}
rMut   .         Warding  .     i - +1 pair of boots of Fashionability {Str+3}
Saprov . . .     Stasis   .     y - amulet of conservation
MR     ++...                    a - ring of see invisible
                                I - ring of Vitality {Regen HP+15}

@: repel missiles, very slightly contaminated, heroism, very resistant to
hostile enchantments, very stealthy
A: antennae 1, fangs 3, clarity, deterioration 1, poison resistance,
regeneration 3, spit poison 1, strong 1, magic shield, antimagic bite, no device
heal
a: Spit Poison, Heroism, Finesse, Renounce Religion, Evoke Berserk Rage
}: 2/15 runes: decaying, serpentine


You were on level 5 of the Vaults.
You worshipped Okawaru.
Okawaru was exalted by your worship.
You were not hungry.

You visited 8 branches of the dungeon, and saw 45 of its levels.
You visited 2 bazaars.
You also visited: Sewer and Ice Cave.

You collected 5191 gold pieces.
You spent 3079 gold pieces at shops.

Inventory:

Armour
 h - the +1 pair of gloves "Phuexa" (worn) {rElec rC+ Str+1}
   (Okawaru gifted it to you on level 8 of the Lair of Beasts)

   It affects your strength (+1).
   It protects you from cold.
   It insulates you from electricity.
 i - the +1 pair of boots of Fashionability (worn) {Str+3}
   (Okawaru gifted it to you on level 4 of the Swamp)

   It affects your strength (+3).
 q - the +3 pair of gloves of the Gate {Dex+3 Int+4}
   (Okawaru gifted it to you on level 3 of the Vaults)

   It affects your intelligence (+4).
   It affects your dexterity (+3).
 z - the +2 hat of Plapoawa (worn) {Dex+2}
   (You found it on level 1 of the Orcish Mines)

   It affects your dexterity (+2).
 J - the +0 cloak of Impermeability (worn) {rC+ Dam+4}
   (Okawaru gifted it to you on level 3 of the Lair of Beasts)

   It affects your damage with ranged weapons and melee attacks (+4).
   It protects you from cold.
 O - the +3 salamander hide armour (worn) {+Rage rF++}
   (You bought it in a shop on level 4 of the Orcish Mines)

   It greatly protects you from fire.
   It lets you go berserk.
Magical devices
 C - a wand of digging (8)
 E - a wand of disintegration (11)
 F - a wand of confusion (9)
 T - a wand of teleportation (6)
Comestibles
 j - a bread ration
 A - a rotting chunk of orc flesh
 L - 9 sultanas
 Z - 13 meat rations
Scrolls
 b - a scroll of vulnerability
 c - 8 scrolls of remove curse
 e - 2 scrolls of holy word
 f - 3 scrolls of magic mapping
 g - 8 scrolls of teleportation
 l - 2 scrolls of noise
 t - 8 scrolls of enchant armour
 w - 2 scrolls of fog
 H - 3 scrolls of recharging
 P - 2 scrolls of silence
 Q - 10 scrolls of identify
 W - 5 scrolls of fear
Jewellery
 a - a ring of see invisible (right hand)
 y - an amulet of conservation (around neck)
 B - the ring of Ridwem {MP+9 Acc+4}
   (You found it on level 13 of the Dungeon)

   [ring of magical power]

   It affects your accuracy with ranged weapons and melee attacks (+4).
 G - an uncursed ring of flight
 I - the ring of Vitality (left hand) {Regen HP+15}
   (You bought it in a shop on level 4 of the Orcish Mines)

   [ring of regeneration]

   It affects your health (+15).
Potions
 d - 3 potions of flight
 k - 3 potions of resistance
 m - 6 potions of might
 n - 5 potions of agility
 o - 10 potions of curing
 p - 3 potions of invisibility
 r - 7 potions of brilliance
 s - 5 potions of restore abilities
 v - 2 potions of degeneration {unknown}
 x - 3 potions of speed
Books
 K - a book of the Warp

   Spells                             Type                      Level
   *Control Teleport                  Charms/Translocation         4
   *Phase Shift                       Translocation                5
   Warp Weapon                        Charms/Translocation         5
   Summon Forest                      Summoning/Translocation      5
   Dispersal                          Translocation                6
   Controlled Blink                   Translocation                7
   Disjunction                        Translocation                8


   Skills:
 + Level 12.9(17.9) Fighting
 + Level 12.2(17.2) Dodging
 - Level 2.4(7.4) Stealth
 - Level 22.0(27) Unarmed Combat
 - Level 11.0 Spellcasting
 - Level 12.2 Charms
 - Level 13.0 Necromancy
 - Level 10.0 Translocations
 - Level 6.2 Ice Magic
 - Level 6.0 Invocations
 - Level 4.0 Evocations


You had 18 spell levels left.
You knew the following spells:

 Your Spells              Type           Power        Failure   Level  Hunger
a - Ozocubu's Armour      Chrm/Ice       ###.......   1%          3    ###....
b - Repel Missiles        Chrm/Air       ###...       1%          2    None
c - Blink                 Tloc           N/A          1%          2    None
d - Regeneration          Chrm/Necr      ####......   1%          3    ###....
e - Apportation           Tloc           ###.......   1%          1    None
f - Control Teleport      Chrm/Tloc      ###.......   1%          4    ####...
g - Cure Poison           Pois           #.........   21%         2    None
h - Swiftness             Chrm/Air       ###.....     1%          2    None
i - Phase Shift           Tloc           ###.......   8%          5    #####..


Dungeon Overview and Level Annotations

Branches:
Dungeon (16/16)            Temple (1/1) D:6             Orc (4/4) D:10
    Elf (0/3) Orc:4          Lair (8/8) D:9           Swamp (5/5) Lair:6
  Snake (5/5) Lair:5       Vaults (5/5) D:15          Blade (0/1) Vaults:4
  Crypt (0/5) Vaults:2     Depths (1/6) D:16
  Slime: Lair:6-8

Altars:
Ashenzari
Cheibriados
Dithmenos
Elyvilon
Fedhas
Kikubaaqudgha
Makhleb
Nemelex Xobeh
Okawaru
Sif Muna
Trog
Vehumet
Xom
Yredelemnul
Zin
The Shining One

Shops:
D:6 *   D:11 ?[*   D:13 (   Orc:1 !   Orc:4 =![?   Snake:4 ?   Vaults:1 *

Annotations:
D:8 Erolcha
Lair:7 exclusion: 2 oklob plants
Vaults:3 exclusion: orange crystal statue


Innate Abilities, Weirdness & Mutations

You have razor-sharp teeth.
You regenerate.
When hurt, damage is shared between your health and your magic reserves.
Your bite disrupts and absorbs the magic of your enemies.
Potions and wands cannot restore your HP.
You have a pair of small antennae on your head.
You possess an exceptional clarity of mind.
Your body is slowly deteriorating.
Your system is resistant to poisons.
You can spit poison.
Your muscles are strong. (Str +2)


Message History

As you read the scroll of blinking, it crumbles to dust.
You are very lightly contaminated with residual magic.
The vault sentinel casts a spell at you.
A sentinel's mark forms upon you.
The vault sentinel casts a spell at you.
You struggle to resist.
Your icy armour evaporates.
Your skin is crawling a little less now.
The yaktaur wields an uncursed crossbow.
The yaktaur shoots a bolt of frost.
The bolt of frost hits you! You resist.
* * * LOW HITPOINT WARNING * * *
You see here a bolt of frost.
The spectral titan gestures at you while chanting.
The bolt of lightning misses you.
The yaktaur shoots a bolt of frost.
The bolt of frost misses you.
Eat which item? (? for menu, Esc to quit)
Your skin stops crawling.
The spectral titan waves its arms in wide circles.
The air twists around and strikes you!
You die...

##### .... ..
####################
#..........c.......)
#..@...@..x......##.
#.......).W....#####
##.........###.# ##
###....######ยง####.
###.## #)()e.+...
(.# ####.@@@xW.##..
#....#
#)$...@.)##...
#....#
#)......?###...
#....#
)........###...


You could see a vault sentinel, a yaktaur, a spectral titan and a small
abomination.

Vanquished Creatures
  the Lernaean hydra (Swamp:5)
  Xtahua (Vaults:2)
  A tentacled monstrosity (Swamp:4)
  A titan (Vaults:5)
  2 storm dragons (Vaults:5)
  A player illusion (Vaults:2)
  An Executioner (Vaults:1)
  2 thorn hunters
  An ancient champion (Vaults:2)
  A sphinx (Vaults:4)
  Rupert (Snake:5)
  A shadow dragon (Vaults:5)
  8 greater nagas (Snake:5)
  2 tengu reavers (Vaults:4)
  2 fire giants
  Donald (Snake:5)
  14 vault wardens
  2 frost giants
  Jorgrun (Depths:1)
  4 stone giants
  A deep elf demonologist (Vaults:1)
  A deep elf annihilator (Vaults:3)
  13 ironheart preservers
  3 ettins
  9 vault guards
  5 fire dragons
  2 great orbs of eyes
  10 yaktaur captains
  A deep elf high priest (Vaults:5)
  24 hydras
  Fannar (Lair:7)
  An ice dragon (Vaults:4)
  Josephine (D:12)
  A ravenous feature mimic (Snake:4)
  A shambling mangrove (Swamp:3)
  10 naga warriors
  3 dancing weapons
  Nessos (D:16)
  5 ogre magi
  23 anacondas
  9 alligators
  8 death yaks
  A rakshasa (Vaults:1)
  5 deep troll earth magi
  7 naga sharpshooters
  2 tengu warriors
  3 deep troll shamans
  3 orc high priests (Orc:4)
  6 centaur warriors
  A soul eater (Vaults:2)
  4 very ugly things
  5 deep elf knights
  A catoblepas (D:14)
  A sun demon (Vaults:3)
  3 iron trolls
  2 flayed ghosts
  2 ice devils (Orc:4)
  2 shock serpents
  3 skeletal warriors (Vaults:1)
  12 swamp dragons
  2 unseen horrors
  16 naga ritualists
  2 lindwurms (Lair:8)
  An ice statue (IceCv)
  17 deep trolls
  15 hill giants
  A wizard (D:15)
  2 deep elf summoners (Vaults:3)
  2 giant orange brains
  9 red wasps
  2 deep elf conjurers
  2 necromancers
  5 cyclopes
  7 wolf spiders
  11 ironbrand convokers
  10 orc sorcerers
  A moth of wrath (shapeshifter) (Vaults:2)
  A manticore (Depths:1)
  A small abomination (Vaults:5)
  14 mana vipers
  2 griffons
  38 black mambas
  A guardian serpent (shapeshifter) (D:13)
  15 orc knights
  6 vault sentinels
  A salamander mystic (Snake:3)
  10 elephants
  50 yaktaurs
  2 feature mimics
  14 guardian serpents
  A smoke demon (Vaults:2)
  16 salamanders
  A tormentor (Vaults:1)
  3 vapours
  An elf (shapeshifter) (D:13)
  20 naga magi
  A queen ant (Lair:8)
  2 item mimics
  10 komodo dragons
  A tengu conjurer (D:16)
  3 deep elf priests
  12 trolls
  34 spiny frogs
  A spriggan (shapeshifter) (Vaults:3)
  A fire drake (Lair:4)
  A hellwing (Vaults:1)
  6 freezing wraiths
  6 spriggans
  A queen bee (Lair:5)
  A catoblepas zombie (D:12)
  11 giant fireflies
  15 polar bears (IceCv)
  2 blue devils
  24 slime creatures
  A stone giant simulacrum (Vaults:2)
  5 two-headed ogres
  A blink frog (shapeshifter) (D:16)
  6 giant leeches
  8 bog bodies
  A frost giant simulacrum (Vaults:2)
  15 ravens
  A griffon zombie (D:13)
  4 shadows
  2 boulder beetles
  37 blink frogs
  3 basilisks
  A brown ooze (shapeshifter) (Vaults:4)
  5 thorn lotuses
  6 baby alligators
  9 deep elf magi
  4 redbacks
  24 humans
  A tarantella (shapeshifter) (Depths:1)
  47 ugly things
  A vampire (D:12)
  A trapdoor spider (D:10)
  19 deep elf fighters
  A fire bat (shapeshifter) (Vaults:1)
  A wraith (Vaults:1)
  An elephant slug (Lair:8)
  51 yaks
  5 hippogriffs
  A gargoyle (D:11)
  24 swamp worms
  23 wolves
  A soldier ant (shapeshifter) (D:12)
  46 vampire mosquitoes
  2 hungry ghosts
  20 soldier ants (Lair:8)
  Menkaure (D:6)
  3 necrophages
  An ogre zombie (D:15)
  53 nagas
  29 orc warriors
  A sky beast (D:14)
  3 yellow wasps (Lair:8)
  4 porcupines
  A phantom (D:12)
  4 black bears
  24 ogres
  A giant goldfish (Swamp:3)
  A manticore zombie (D:14)
  20 ice beasts
  14 swamp drakes
  2 black bears (shapeshifter) (Vaults:1)
  6 centaurs
  An orc skeleton (D:15)
  5 big kobolds
  Sigmund (D:6)
  21 giant frogs
  2 wargs
  A giant slug zombie (D:12)
  13 giant slugs
  12 crocodiles
  4 brain worms (Lair:8)
  Blork the orc (D:8)
  A cyclops zombie (D:13)
  4 insubstantial wisps (Swamp:1)
  46 water moccasins
  2 eyes of draining
  A cyclops skeleton (D:11)
  13 wights
  A tengu skeleton (D:12)
  A troll skeleton (D:9)
  10 jellies
  2 quasits
  28 killer bees
  2 goliath beetles
  9 crimson imps
  A basilisk zombie (D:13)
  A giant frog zombie (D:12)
  4 spiders (Lair:8)
  3 centaur skeletons
  3 scorpions
  14 hounds
  2 big fish
  An iron imp (Orc:1)
  23 orc priests
  A gnoll shaman (D:5)
  9 iguanas
  31 worker ants
  36 orc wizards
  3 big kobold zombies
  18 sheep
  Jessica (D:3)
  10 boggarts
  A hound skeleton (D:11)
  4 gnolls (D:5)
  36 adders
  46 green rats
  8 orc zombies
  A big kobold simulacrum (D:12)
  An inept feature mimic (Orc:1)
  7 giant mites
  A shadow imp (Orc:1)
  21 worms
  A white imp (Orc:1)
  A scorpion zombie (D:6)
  An iguana skeleton (D:3)
  A giant eyeball (D:11)
  9 giant geckos
  161 orcs
  2 ball pythons
  16 bats
  2 bat skeletons
  A bat zombie (D:7)
  9 giant cockroaches
  25 goblins
  31 hobgoblins
  13 jackals
  45 kobolds
  11 quokkas
  12 giant newts
  A goblin zombie (D:5)
  A kobold skeleton (D:5)
  A kobold zombie (D:7)
  38 rats
  A rat skeleton (D:4)
  2 ballistomycetes (D:7)
  4 briar patches
  2 plants (Lair:8)
2083 creatures vanquished.

Vanquished Creatures (others)
  A naga mage (Snake:3)
  A deep elf mage (Vaults:3)
  A deep elf fighter (Vaults:3)
  A swamp worm (Swamp:4)
  A porcupine (Lair:7)
  An orc warrior (Vaults:3)
  A warg (Vaults:1)
  3 green rats (Lair:8)
  2 orcs
  A goblin (Orc:1)
  A giant spore (D:7)
  A goblin skeleton (Orc:1)
  3 fungi (Lair:8)
  4 plants
22 creatures vanquished.

Grand Total: 2105 creatures vanquished

Notes
Turn   | Place    | Note
--------------------------------------------------------------
     0 | D:1      | Greenblue, the Vine Stalker Monk, began the quest for the Orb.
     0 | D:1      | Reached XP level 1. HP: 11/11 MP: 1/1
   182 | D:1      | Reached XP level 2. HP: 16/16 MP: 3/3
   953 | D:2      | Reached XP level 3. HP: 17/19 MP: 2/4
   964 | D:2      | Reached skill level 5 in Unarmed Combat
  1451 | D:2      | Reached XP level 4. HP: 14/23 MP: 5/5
  1620 | D:3      | Noticed Jessica
  1623 | D:3      | Killed Jessica
  1775 | D:3      | Reached skill level 6 in Unarmed Combat
  1870 | D:3      | Found a deep blue altar of Sif Muna.
  1971 | D:3      | Reached XP level 5. HP: 27/27 MP: 7/7
  2433 | D:4      | Found a burning altar of Makhleb.
  2598 | D:4      | Reached skill level 7 in Unarmed Combat
  2598 | D:4      | Gained mutation: You heal very quickly. [vine stalker growth]
  2598 | D:4      | Reached XP level 6. HP: 30/32 MP: 8/8
  3335 | D:4      | Reached skill level 8 in Unarmed Combat
  3371 | D:5      | Entered Level 5 of the Dungeon
  3378 | D:5      | Reached XP level 7. HP: 27/35 MP: 9/9
  3578 | D:5      | Noticed a hippogriff
  3647 | D:5      | Killed a hippogriff
  3647 | D:5      | Reached skill level 9 in Unarmed Combat
  3765 | D:5      | Found a glowing drain.
  3769 | Sewer    | Entered a sewer
  3817 | Sewer    | Gained mutation: You have razor-sharp teeth. [vine stalker growth]
  3817 | Sewer    | Reached XP level 8. HP: 32/39 MP: 8/11
  3868 | Sewer    | Found a white marble altar of Elyvilon.
  4071 | D:5      | Reached skill level 10 in Unarmed Combat
  4117 | D:5      | Found a basalt altar of Yredelemnul.
  4584 | D:6      | Reached skill level 11 in Unarmed Combat
  4631 | D:6      | Noticed Sigmund
  4721 | D:6      | Killed Sigmund
  4812 | D:6      | Reached XP level 9. HP: 30/43 MP: 12/12
  5003 | D:6      | Found a glowing silver altar of Zin.
  5188 | D:6      | Gained mutation: You possess an exceptional clarity of mind. [potion of beneficial mutation]
  5210 | D:6      | Noticed Menkaure
  5211 | D:6      | Found a staircase to the Ecumenical Temple.
  5213 | D:6      | Killed Menkaure
  5222 | Temple   | Entered the Ecumenical Temple
  5275 | Temple   | Became a worshipper of Warmaster Okawaru
  5275 | Temple   | Acquired Okawaru's first power
  5293 | D:6      | Found Enuxt's Elemental Accessories.
  5715 | D:7      | Found a bloodstained altar of Trog.
  5754 | D:7      | Reached skill level 5 in Dodging
  6047 | D:8      | Noticed Erolcha
  6088 | D:8      | Noticed Blork the orc
  6094 | D:8      | Killed Blork the orc
  6180 | D:9      | Found a staircase to the Lair.
  6369 | D:9      | Found a staircase to the Orcish Mines.
  6412 | D:9      | Reached XP level 10. HP: 27/47 MP: 8/13
  6542 | D:9      | the staircase to the Orcish Mines was a mimic.
  6722 | D:10     | Entered Level 10 of the Dungeon
  6933 | D:10     | Noticed a deep troll
  6944 | D:10     | Killed a deep troll
  6965 | D:10     | Found a staircase to the Orcish Mines.
  6969 | D:10     | HP: 2/47 [troll (9)]
  6992 | D:10     | Noticed a hill giant
  7117 | Lair:1   | Entered Level 1 of the Lair of Beasts
  7321 | Lair:1   | Reached skill level 10 in Dodging
  7356 | Lair:1   | Reached skill level 1 in Invocations
  7384 | Lair:1   | Noticed an eight-headed hydra
  7581 | Lair:2   | Reached XP level 11. HP: 27/51 MP: 12/18
  7588 | Lair:2   | Reached skill level 12 in Unarmed Combat
  7661 | Lair:2   | Acquired Okawaru's second power
  7868 | Lair:2   | Noticed a seven-headed hydra
  7879 | Lair:2   | Killed a seven-headed hydra
  8335 | Lair:3   | Reached skill level 13 in Unarmed Combat
  8368 | Lair:3   | Received a gift from Okawaru
  8369 | Lair:3   | Got a pitted cloak {god gift}
  8374 | Lair:3   | Identified the +0 cloak of Impermeability {rC+ Dam+4} (Okawaru gifted it to you on level 3 of the Lair of Beasts)
  8455 | Lair:3   | Got an opalescent robe
  8456 | Lair:3   | Identified the +2 robe of the Original Sin {rN+ MR+} (You found it on level 3 of the Lair of Beasts)
  8537 | Lair:3   | Reached skill level 14 in Unarmed Combat
  9442 | Lair:4   | Gained mutation: You regenerate. [vine stalker growth]
  9442 | Lair:4   | Reached XP level 12. HP: 39/56 MP: 15/21
  9482 | Lair:4   | Received a gift from Okawaru
  9486 | Lair:4   | Reached skill level 5 in Invocations
  9815 | Lair:4   | Noticed a five-headed hydra
  9842 | Lair:4   | Killed a five-headed hydra
  9902 | Lair:4   | Reached skill level 15 in Unarmed Combat
 10450 | Lair:5   | Found a staircase to the Snake Pit.
 10577 | Lair:5   | Noticed a four-headed hydra
 10588 | Lair:5   | Killed a four-headed hydra
 10642 | Lair:5   | Reached skill level 16 in Unarmed Combat
 10848 | Lair:5   | Received a gift from Okawaru
 11379 | Lair:6   | Found a staircase to the Swamp.
 11393 | Lair:6   | Reached XP level 13. HP: 31/59 MP: 15/25
 11630 | Lair:6   | Learned a level 3 spell: Ozocubu's Armour
 12173 | Lair:7   | Reached skill level 17 in Unarmed Combat
 12239 | Lair:7   | Noticed Fannar
 12270 | Lair:7   | Killed Fannar
 12270 | Lair:7   | Reached skill level 1 in Charms
 12270 | Lair:7   | Reached skill level 1 in Ice Magic
 12522 | Lair:7   | You fall through a shaft!
 12522 | Lair:8   | Entered Level 8 of the Lair of Beasts
 12549 | Lair:8   | Received a gift from Okawaru
 12781 | Lair:8   | Reached skill level 5 in Charms
 12784 | Lair:8   | Reached skill level 5 in Ice Magic
 12872 | Lair:8   | Received a gift from Okawaru
 12895 | Lair:8   | Got a colourful robe {god gift}
 12897 | Lair:8   | Identified the +4 robe of Lies {+Rage Int+4 Acc-2 Stlth+} (Okawaru gifted it to you on level 8 of the Lair of Beasts)
 13115 | Lair:8   | Reached skill level 1 in Spellcasting
 13149 | Lair:8   | Reached XP level 14. HP: 63/63 MP: 26/26
 13225 | Lair:8   | Reached skill level 5 in Spellcasting
 13549 | Lair:8   | Paralysed by a yellow wasp for 2 turns
 13569 | Lair:8   | Got a brightly glowing lajatang
 13597 | Lair:8   | Identified the +11,+7 lajatang "Beetlebane" {freeze, Int+2} (You found it on level 8 of the Lair of Beasts)
 14278 | Lair:8   | Received a gift from Okawaru
 14279 | Lair:8   | Got a pair of jewelled gloves {god gift}
 14282 | Lair:8   | Identified the +1 pair of gloves "Phuexa" {rElec rC+ Str+1} (Okawaru gifted it to you on level 8 of the Lair of Beasts)
 14900 | Lair:7   | Reached skill level 10 in Charms
 15114 | Lair:1   | Noticed a black mamba
 15115 | Lair:1   | Killed an eight-headed hydra
 15120 | Lair:1   | Killed a black mamba
 15726 | D:10     | Noticed a hill giant
 15732 | D:10     | Killed a hill giant
 15889 | Orc:1    | Entered Level 1 of the Orcish Mines
 16825 | Orc:1    | Found Buop's Distillery.
 16964 | Orc:1    | Bought 2 potions of speed for 168 gold pieces
 17063 | Orc:1    | Learned a level 2 spell: Repel Missiles
 17066 | Orc:1    | Learned a level 2 spell: Blink
 17075 | Orc:1    | Got a brightly glowing hat
 17075 | Orc:1    | Got a distressingly furry hat
 17080 | Orc:1    | Identified the cursed -4 hat "Lublelohish" {Spirit} (You found it on level 1 of the Orcish Mines)
 17084 | Orc:1    | Identified the +2 hat of Plapoawa {Dex+2} (You found it on level 1 of the Orcish Mines)
 17085 | Orc:1    | Got an encrusted hat
 17089 | Orc:1    | Identified the cursed +0 hat "Aseeqer" {+Blink +Fly Dex+1} (You found it on level 1 of the Orcish Mines)
 17353 | Orc:1    | Reached skill level 1 in Translocations
 17918 | Orc:4    | Entered Level 4 of the Orcish Mines
 18114 | Orc:4    | Reached XP level 15. HP: 67/67 MP: 29/29
 18185 | Orc:4    | Found a staircase to the Elven Halls.
 18419 | Orc:4    | Found Weuzxoad's Magic Scroll Shop.
 18604 | Orc:4    | Reached skill level 5 in Translocations
 18816 | Orc:4    | Found Xuojuur's Distillery.
 18840 | Orc:4    | Bought a scroll of identify for 26 gold pieces
 18842 | Orc:4    | Found Ghafar's Jewellery Shoppe.
 18843 | Orc:4    | Bought a potion of might for 32 gold pieces
 18843 | Orc:4    | Bought a potion of speed for 91 gold pieces
 18845 | Orc:4    | Found Marhuix's Armour Shop.
 18890 | Orc:4    | Bought the ring of Vitality {Regen HP+15} for 444 gold pieces
 18893 | Orc:4    | Bought the +3 salamander hide armour {+Rage rF++} for 585 gold pieces
 19121 | D:10     | Killed a hill giant
 19590 | D:11     | Received a gift from Okawaru
 19590 | D:11     | Reached skill level 1 in Evocations
 19669 | D:11     | Found a flickering gateway to a bazaar.
 19709 | Bazaar   | Entered a bazaar
 19709 | Bazaar   | Found Shrykk's Food Emporium.
 19709 | Bazaar   | Found Axixoazu's Weapon Shoppe.
 19709 | Bazaar   | Found Atai's General Store.
 19709 | Bazaar   | Found Tiwesm's Assorted Antiques.
 19720 | Bazaar   | Bought a scroll labeled DUNYSE MUAMOFE for 30 gold pieces
 19720 | Bazaar   | Bought a scroll labeled DUNYSE MUAMOFE for 30 gold pieces
 19728 | Bazaar   | Bought a scroll of identify for 28 gold pieces
 19957 | D:11     | Found Yhiudiqi's General Store.
 19970 | D:11     | Bought a book of Necromancy for 360 gold pieces
 19975 | D:11     | Learned a level 3 spell: Regeneration
 20082 | D:11     | Paralysed by a giant eyeball for 4 turns
 20232 | D:11     | Found Cahatzirr's Magic Scroll Emporium.
 20246 | D:11     | Bought a scroll of enchant armour for 97 gold pieces
 20246 | D:11     | Bought a scroll of holy word for 97 gold pieces
 20246 | D:11     | Bought a scroll of teleportation for 39 gold pieces
 20341 | D:11     | Found Seav's Antique Armour Boutique.
 20539 | D:12     | Found a snail-covered altar of Cheibriados.
 20731 | D:12     | Noticed Josephine
 20740 | D:12     | Killed Josephine
 20796 | D:12     | Found a frozen archway.
 20853 | IceCv    | Entered an ice cave
 20858 | IceCv    | Reached skill level 5 in Fighting
 21005 | IceCv    | Received a gift from Okawaru
 21013 | IceCv    | Got a fine dagger {god gift}
 21033 | IceCv    | Noticed a frost giant
 21054 | IceCv    | Killed a frost giant
 21226 | IceCv    | Gained mutation: Your muscles are strong. (Str +2) [potion of beneficial mutation]
 21227 | IceCv    | Gained mutation: You have a pair of small antennae on your head. [potion of beneficial mutation]
 21788 | D:13     | Got a warped amber ring
 21789 | D:13     | Identified the ring of Ridwem {MP+9 Acc+4} (You found it on level 13 of the Dungeon)
 21796 | D:13     | Found Dawyulump's Weapon Emporium.
 22166 | D:14     | Received a gift from Okawaru
 22221 | D:14     | Reached XP level 16. HP: 75/82 MP: 30/30
 22781 | D:15     | Entered Level 15 of the Dungeon
 22987 | D:15     | Found a gate to the Vaults.
 23001 | D:15     | Reached skill level 10 in Fighting
 23470 | D:15     | Found a flickering gateway to a bazaar.
 23479 | Bazaar   | Entered a bazaar
 23481 | Bazaar   | Found Grit Oba's Magic Scroll Boutique.
 23484 | Bazaar   | Found Qufoamil's Antique Armour Boutique.
 23485 | Bazaar   | Bought a scroll of acquirement for 520 gold pieces
 23485 | Bazaar   | Bought a scroll of blinking for 75 gold pieces
 23490 | Bazaar   | Found Tekatoe's Assorted Antiques.
 23490 | Bazaar   | Found Salaeti's Food Boutique.
 23493 | Bazaar   | Learned a level 1 spell: Apportation
 23508 | Bazaar   | Bought 2 potions of speed for 224 gold pieces
 23946 | D:16     | Entered Level 16 of the Dungeon
 23960 | D:16     | Found a glowing golden altar of the Shining One.
 24644 | D:16     | Noticed Nessos
 24649 | D:16     | Found a staircase to the Depths.
 24661 | D:16     | Killed Nessos
 24872 | Depths:1 | Entered Level 1 of the Depths
 24882 | Depths:1 | Noticed Jorgrun
 24890 | Depths:1 | Received a gift from Okawaru
 24897 | Depths:1 | Killed Jorgrun
 24978 | Depths:1 | Reached skill level 18 in Unarmed Combat
 25855 | Swamp:1  | Entered Level 1 of the Swamp
 25960 | Swamp:1  | Learned a level 4 spell: Control Teleport
 25963 | Swamp:1  | Learned a level 2 spell: Cure Poison
 26268 | Swamp:1  | Reached XP level 17. HP: 90/90 MP: 31/31
 26509 | Swamp:2  | Reached skill level 19 in Unarmed Combat
 27336 | Swamp:3  | Received a gift from Okawaru
 28016 | Swamp:4  | Noticed a tentacled monstrosity
 28047 | Swamp:4  | Killed a tentacled monstrosity
 28156 | Swamp:4  | Reached skill level 20 in Unarmed Combat
 28367 | Swamp:4  | Received a gift from Okawaru
 28370 | Swamp:4  | Got a pair of heavily runed boots {god gift}
 28371 | Swamp:4  | Identified the +1 pair of boots of Fashionability {Str+3} (Okawaru gifted it to you on level 4 of the Swamp)
 28878 | Swamp:5  | Entered Level 5 of the Swamp
 29201 | Swamp:5  | Noticed the 27-headed Lernaean hydra
 29233 | Swamp:5  | Killed the 27-headed Lernaean hydra
 29233 | Swamp:5  | Reached skill level 21 in Unarmed Combat
 29233 | Swamp:5  | Reached XP level 18. HP: 34/95 MP: 32/32
 29303 | Swamp:5  | Received a gift from Okawaru
 29388 | Swamp:5  | Got a decaying rune of Zot
 29860 | Swamp:5  | Upgraded the game from 0.14-a0-2950-gbe29d66 to 0.14-a0-2964-g8dc6adb
 30094 | Snake:1  | Entered Level 1 of the Snake Pit
 31432 | Snake:2  | Reached skill level 22 in Unarmed Combat
 31549 | Snake:2  | Found a deep blue altar of Sif Muna.
 31941 | Snake:3  | Reached skill level 1 in Necromancy
 32636 | Snake:3  | Received a gift from Okawaru
 33000 | Snake:4  | Reached skill level 5 in Necromancy
 33125 | Snake:4  | Received a gift from Okawaru
 33210 | Snake:4  | Found Qatio's Magic Scroll Boutique.
 33217 | Snake:4  | Bought a scroll of blinking for 97 gold pieces
 33217 | Snake:4  | Bought a scroll of blinking for 97 gold pieces
 33217 | Snake:4  | Bought a scroll of teleportation for 39 gold pieces
 33269 | Snake:4  | Learned a level 2 spell: Swiftness
 33282 | Snake:4  | Upgraded the game from 0.14-a0-2964-g8dc6adb to 0.14-a0-2986-gd1872aa
 33476 | Snake:4  | Reached XP level 19. HP: 99/99 MP: 31/32
 33574 | Snake:4  | Found Botyam's Food Emporium.
 33579 | Snake:4  | Botyam's Food Emporium was a mimic.
 33609 | Snake:5  | Entered Level 5 of the Snake Pit
 33615 | Snake:5  | Noticed Donald
 33622 | Snake:5  | Killed Donald
 34307 | Snake:5  | Noticed Rupert
 34358 | Snake:5  | Received a gift from Okawaru
 34387 | Snake:5  | Killed Rupert
 34542 | Snake:5  | Got a serpentine rune of Zot
 34566 | Snake:5  | Received a gift from Okawaru
 34647 | Snake:4  | Reached skill level 10 in Translocations
 34934 | Lair:1   | Gained mutation: Your system is resistant to poisons. [potion of mutation]
 34934 | Lair:1   | Gained mutation: You can spit poison. [potion of mutation]
 34934 | Lair:1   | Gained mutation: Your body is slowly deteriorating. [potion of mutation]
 34979 | Lair:1   | Learned a level 5 spell: Phase Shift
 35276 | Vaults:1 | Entered Level 1 of the Vaults
 35446 | Vaults:1 | Reached skill level 10 in Necromancy
 35761 | Vaults:1 | Found Cisicem's General Store.
 35925 | Vaults:1 | Reached XP level 20. HP: 73/103 MP: 31/34
 36196 | Vaults:1 | Noticed a Brimstone Fiend
 36631 | Vaults:1 | Received a gift from Okawaru
 37309 | Vaults:2 | Noticed Mara
 37310 | Vaults:2 | Reached skill level 10 in Spellcasting
 37315 | Vaults:2 | Noticed Mara
 37315 | Vaults:2 | Noticed Mara
 37317 | Vaults:2 | Noticed Greenblue's illusion
 37437 | Vaults:2 | Killed Greenblue's illusion
 37671 | Vaults:2 | Found a staircase to the Crypt.
 37983 | Vaults:2 | Noticed Xtahua
 37997 | Vaults:2 | Killed Xtahua
 38672 | Vaults:3 | Received a gift from Okawaru
 38682 | Vaults:3 | Got a pair of polished gloves {god gift}
 38693 | Vaults:3 | Identified the +3 pair of gloves of the Gate {Dex+3 Int+4} (Okawaru gifted it to you on level 3 of the Vaults)
 39374 | Vaults:3 | Paralysed by an ogre mage for 4 turns
 39379 | Vaults:3 | Reached XP level 21. HP: 107/107 MP: 33/38
 40338 | Vaults:4 | Upgraded the game from 0.14-a0-2986-gd1872aa to 0.14-a0-3109-ga7442b6
 40395 | Vaults:4 | Found a staircase to the Hall of Blades.
 40665 | Vaults:4 | Received a gift from Okawaru
 40666 | Vaults:4 | Got an ancient great sword {god gift}
 41272 | Vaults:5 | Entered Level 5 of the Vaults
 41330 | Vaults:5 | Received a gift from Okawaru
 41460 | Vaults:5 | HP: 6/127 [spectral titan/the air[a deep elf death mage] (19)]
 41470 | Vaults:5 | Killed from afar by a spectral titan

Action                   |  1- 3 |  4- 6 |  7- 9 | 10-12 | 13-15 | 16-18 | 19-21 || total
-------------------------+-------+-------+-------+-------+-------+-------+-------++-------
Melee: Unarmed           |   107 |   214 |   362 |   692 |  1619 |  1273 |  1374 ||  5641
       Lajatang          |       |       |       |       |     6 |       |       ||     6
 Cast: Ozocubu's Armour  |       |       |       |       |    18 |    27 |    18 ||    63
       Regeneration      |       |       |       |       |     1 |    10 |    11 ||    22
       Repel Missiles    |       |       |       |       |       |     7 |    10 ||    17
       Blink             |       |       |       |       |       |     1 |       ||     1
       Control Teleport  |       |       |       |       |       |     1 |       ||     1
       Cure Poison       |       |       |       |       |       |     1 |     1 ||     2
       Swiftness         |       |       |       |       |       |       |     1 ||     1
Invok: Heroism           |       |       |       |    10 |    19 |    18 |    26 ||    73
       Finesse           |       |       |       |     1 |     1 |     1 |     2 ||     5
Evoke: Wand              |       |       |     4 |     2 |    14 |     6 |       ||    26
  Use: Scroll            |       |     4 |     1 |     8 |    29 |    19 |     9 ||    70
       Potion            |       |       |     1 |       |     5 |       |     1 ||     7
 Stab: Sleeping          |     6 |    14 |    11 |    10 |    26 |    21 |    13 ||   101
       Distracted        |       |       |     2 |     1 |     4 |     2 |     2 ||    11
